Map: Autômato LE

Players

Vicster - Winner!

  • Race: Terran Terran
  • League: Gold
  • Spawn Location: 3:00

VOD

Have the link to the VOD?

Description

Time

  • Played on: Jan. 6, 2019, 2:08 p.m.
  • Length: 26:24
Show
View Real Time Build Order
Export as new Build Order

Vicster Terran - Winner!

Build Orders:  

Get SALT Encoding   

  12  0:02  SCV  
  13  0:19  SCV  
  14  0:30  Supply Depot  
  14  0:36  SCV  
  15  1:00  SCV  
  15  1:02  Barracks  
  16  1:17  SCV  
  16  1:19  Refinery  
  17  1:34  SCV  
  18  2:19  Orbital Command  
  18  2:24  Marine  
  18  2:27  Command Center  
  19  2:49  Factory  
  19  2:57  SCV  
  20  3:04  Barracks Tech Lab  
  20  3:14  SCV  
  20  3:19  Refinery  
  21  3:31  SCV  
  21  3:35  Supply Depot  
  22  3:48  SCV  
  23  4:05  SCV  
  23  4:08  Bunker, Orbital Command  
  23  4:21  Siege Tank  
  23  4:22  SCV  
  27  4:37  Engineering Bay  
  27  4:39  SCV  
  28  4:43  SCV  
  29  4:53  Siege Tank  
  29  4:54  Supply Depot  
  29  4:56  SCV  
  30  5:00  SCV  
  30  5:01  Supply Depot  
  31  5:12  Siege Tank  
  31  5:17  SCV x2  
  36  5:24  Missile Turret  
  36  5:30  Missile Turret  
  36  5:34  SCV  
  37  5:43  Missile Turret  
  37  5:51  SCV x2  
  37  5:57  Siege Tank  
  42  6:08  SCV  
  43  6:11  Armory  
  43  6:14  Armory  
  43  6:18  SCV  
  44  6:23  Refinery  
  44  6:25  SCV  
  44  6:28  Refinery  
  45  6:35  SCV  
  46  6:42  SCV, Siege Tank  
  50  6:52  SCV  
  50  6:59  SCV  
  52  7:09  SCV  
  53  7:16  SCV  
  54  7:25  SCV  
  54  7:26  Command Center  
  55  7:32  SCV  
  55  7:34  Factory  
  55  7:35  Factory  
  56  7:42  SCV  
  56  7:49  SCV  
  58  7:59  SCV  
  59  8:06  SCV  
  59  8:08  Terran Vehicle Weapons Level 1, Terran Vehicle And Ship Armor Level 1  
  60  8:35  Supply Depot  
  60  8:37  Factory Reactor, Supply Depot  
  60  8:39  Factory Reactor  
  60  8:55  SCV, Supply Depot  
  60  8:57  SCV  
  62  9:05  Thor  
  62  9:07  Orbital Command  
  68  9:12  SCV  
  68  9:14  SCV  
  70  9:21  Supply Depot  
  70  9:29  SCV  
  71  9:30  Supply Depot  
  71  9:31  SCV  
  71  9:34  Hellion x4  
  80  9:55  Supply Depot  
  80  10:04  Missile Turret, Hellion x4  
  80  10:05  Thor  
  94  10:12  SCV  
  94  10:13  SCV  
  94  10:17  SCV  
  97  10:29  SCV  
  98  10:30  SCV  
  98  10:31  Missile Turret  
  98  10:37  Missile Turret  
  99  10:43  Hellion x3  
  99  10:47  SCV  
  99  10:49  SCV x2  
  108  11:04  Thor, SCV  
  108  11:06  SCV x2  
  108  11:09  Factory  
  117  11:10  Factory  
  117  11:16  Hellion  
  117  11:17  Hellion x3  
  125  11:54  Command Center, Orbital Command  
  125  12:00  Command Center  
  125  12:02  Terran Vehicle Weapons Level 2  
  125  12:10  Factory, Terran Vehicle And Ship Armor Level 2  
  125  12:12  Factory Tech Lab  
  125  12:15  Factory Tech Lab  
  125  12:31  Supply Depot  
  125  12:35  Supply Depot  
  125  12:37  Supply Depot  
  125  13:01  Thor, Hellion  
  133  13:14  SCV x3  
  133  13:18  Refinery  
  136  13:21  Refinery  
  136  13:27  Factory Tech Lab  
  136  13:31  SCV x3  
  136  13:32  Thor  
  136  13:34  Thor  
  151  13:48  SCV, Supply Depot  
  152  13:50  Supply Depot  
  152  13:51  SCV x2, Supply Depot  
  152  13:55  Thor  
  152  13:57  Hellbat  
  162  14:05  SCV, Supply Depot  
  162  14:08  SCV x2  
  165  14:27  Refinery  
  165  14:30  Command Center  
  165  14:56  Factory  
  165  15:01  Factory  
  165  15:02  Factory  
  165  15:05  Thor x3  
  165  15:09  Hellion x2  
  187  15:10  Hellion x3  
  193  15:24  Orbital Command  
  193  15:30  Orbital Command  
  193  15:39  Hellion x2  
  197  15:42  Siege Tank  
  197  15:43  Siege Tank x3  
  197  15:56  Refinery  
  167  16:33  Refinery  
  147  16:40  Refinery  
  147  16:44  Thor x4  
  147  16:46  Hellion x3  
  147  16:47  Hellion  
  168  17:28  Refinery  
  168  17:29  Command Center  
  168  17:30  Command Center  
  168  17:43  Thor  
  168  17:44  Thor  
  168  17:47  Factory Tech Lab x2  
  168  17:48  Factory Tech Lab  
  180  17:50  Refinery  
  180  17:54  Refinery  
  180  18:00  Thor x2  
  180  18:03  Hellion  
  180  18:04  Hellion x3  
  180  18:07  Orbital Command  
  200  18:38  Command Center  
  200  19:36  Command Center  
  200  19:47  Command Center  
  200  19:48  Command Center  
  200  19:53  Command Center  
  200  19:56  Refinery  
  200  19:57  Refinery  
  192  20:05  SCV x2  
  192  20:06  SCV x3  
  197  20:12  Terran Vehicle Weapons Level 3, Terran Vehicle And Ship Armor Level 3  
  197  20:16  Refinery  
  197  20:17  Hellion  
  199  20:22  SCV  
  199  20:23  SCV x2  
  199  20:28  Orbital Command  
  198  20:30  Refinery  
  198  20:39  SCV  
  125  20:40  SCV  
  200  20:50  Command Center  
  198  21:32  Orbital Command x3  
  183  22:33  Refinery  
  181  22:48  Thor  
  181  22:49  Thor x3  
  199  23:05  Refinery  
  199  24:19  Orbital Command  
  199  24:28  Command Center  
  199  24:30  Refinery  
  199  24:31  Refinery  
  199  24:39  Refinery, Command Center  
  199  25:01  Refinery  
Tags
 
League
Gold
Matchup
Co-op
Replay Pack
Vicster replay
Add a new tag
Caveats
  • Supply blocks, unpowered buildings, or Contaminate may cause inaccurate times.
  • Supply counts are checked every 10 seconds.